 Dungeon Crawl Stone Soup version 0.27-a0-1565-gad902ab807 (webtiles) character file.

Game seed: 13571033608809756541

10370 freelancePsychic the Fighter (level 11, -5/99 HPs)
             Began as a Pale Draconian Transmuter on July 17, 2021.
             Was a High Priest of Okawaru.
             Slain by a molten gargoyle (6 damage)
             ... in a volcano.
             The game lasted 00:32:28 (13688 turns).

freelancePsychic the Fighter (DrTm)                Turns: 13688, Time: 00:32:28

Health: -5/99      AC:  7    Str: 13    XL:     11   Next: 35%
Magic:  12/14      EV: 17    Int: 26    God:    Okawaru [*****.]
Gold:   707        SH:  0    Dex: 12    Spells: 6/14 levels left

rFire    + . .     SeeInvis .     - Unarmed
rCold    + . .     Faith    .   (no shield)
rNeg     . . .     Spirit   .   (armour unavailable)
rPois    +         Reflect  .   (helmet currently unavailable)
rElec    .         Harm     .   (no cloak)
rCorr    .         Rampage  .   (no gloves)
Will     +....                  (boots currently unavailable)
Stlth    +++.......             B - amulet "Vasyurism" {rPois rC+ Will+ Regen+ Int+4}
HPRegen  1.26/turn              r - +6 ring of intelligence
MPRegen  0.14/turn              C - ring of protection from fire

@: appendages, heroic
A: horns 2, talons 2, breathe steam, AC +7, unfitting armour, cold-blooded,
steam resistance
a: Breathe Steam, End Transformation, Renounce Religion, Heroism, Finesse


You were in a volcano.
You worshipped Okawaru.
Okawaru was extremely pleased with you.
You had temporarily grown beastly horns and talons.
You visited 4 branches of the dungeon, and saw 15 of its levels.
You also visited: Volcano.

You collected 707 gold pieces.

Inventory:

Missiles
 a - 2 throwing nets
 x - 2 curare-tipped darts
Jewellery
 d - a ring of ice
 r - a +6 ring of intelligence (left hand)
 u - a ring of willpower
 w - a ring of fire
 y - a ring of flight
 B - the amulet "Vasyurism" (around neck) {rPois rC+ Will+ Regen+ Int+4}
   (You acquired it on level 10 of the Dungeon)

   [amulet of regeneration]

   Int:       It affects your intelligence (+4).
   rC:        It protects you from cold.
   rPois:     It protects you from poison.
   Regen:     It increases your rate of health regeneration.
   Will:      It increases your willpower.
 C - a ring of protection from fire (right hand)
Wands
 b - a wand of iceblast (6)
 i - a wand of flame (12)
 p - a wand of polymorph (19)
Scrolls
 h - 4 scrolls of teleportation {@r4}
 l - a scroll of blinking
 m - 3 scrolls of enchant armour
 o - a scroll of silence
 q - 2 scrolls of enchant weapon {unknown}
 z - a scroll of fear
 E - a scroll of magic mapping
Potions
 c - 2 potions of attraction {unknown}
 e - a potion of resistance {unknown}
 f - 6 potions of curing {@q1}
 g - a potion of might {unknown}
 j - a potion of flight {unknown}
 k - 2 potions of lignification
 n - a potion of heal wounds {unknown}
 s - 2 potions of brilliance {unknown}
 t - a potion of degeneration {unknown}
 v - 4 potions of haste {unknown}
 D - 2 potions of mutation {unknown}


   Skills:
 + Level 10.0(15.0) Fighting
 - Level 8.4(13.4) Dodging
 + Level 9.9(14.9) Unarmed Combat
 - Level 2.0 Spellcasting
 - Level 7.8 Transmutations
 - Level 3.3 Ice Magic
 - Level 2.2 Poison Magic
 + Level 0.1 Invocations


You had 6 spell levels left.
You knew the following spells:

 Your Spells              Type           Power      Damage    Failure   Level
a - Beastly Appendage     Tmut           86%        N/A       1%          1
b - Spider Form           Tmut/Pois      14%        N/A       4%          3
c - Ice Form              Ice/Tmut       31%        N/A       11%         4

Your spell library contained the following spells:

 Spells                   Type           Power      Damage    Failure   Level
 Wereblood                Tmut           43%        N/A       1%          2
 Passwall                 Tmut/Erth      18%        N/A       3%          2
 Animate Skeleton         Necr           4%         N/A       11%         1
 Apportation              Tloc           4%         N/A       11%         1
 Corona                   Hex            2%         N/A       11%         1
 Magic Dart               Conj           8%         1d3       11%         1
 Sandblast                Erth           4%         2d4       11%         1
 Shock                    Conj/Air       8%         1d3       11%         1
 Summon Small Mammal      Summ           8%         N/A       11%         1
 Searing Ray              Conj           4%         3d3       16%         2
 Slow                     Hex            2%         N/A       16%         2
 Confusing Touch          Hex            2%         N/A       30%         3
 Gell's Gravitas          Tloc           1%         N/A       30%         3
 Teleport Other           Tloc           2%         N/A       30%         3
 Vampiric Draining        Necr           1%         2d6       30%         3
 Hailstorm                Conj/Ice       11%        3d5       45%         4
 Summon Ice Beast         Ice/Summ       11%        N/A       45%         4
 Cause Fear               Hex            1%         N/A       71%         4
 Fulminant Prism          Conj/Hex       1%         3d6       71%         4
 Bolt of Magma            Conj/Fire/Erth 1%         4d4       96%         5
 Borgnjor's Vile Clutch   Necr/Erth      1%         N/A       96%         5
 Lee's Rapid Deconstruct  Erth           1%         3d5*      96%         5
 Summon Mana Viper        Hex/Summ       2%         N/A       96%         5
 Dispersal                Tloc           1%         N/A       100%        6
 Simulacrum               Ice/Necr       5%         N/A       100%        6
 Dragon Form              Tmut           21%        N/A       98%         7
 Monstrous Menagerie      Summ           1%         N/A       100%        7
 Dragon's Call            Summ           1%         N/A       100%        9


Dungeon Overview and Level Annotations

Branches:
Dungeon (10/15)            Temple (1/1) D:7            Lair (2/6) D:10
    Orc (2/2) D:10        Volcano (1/1)
  Swamp: Lair:2-4    Shoals: Lair:2-4     Snake: Lair:2-4    Spider: Lair:2-4
    Elf: Orc:2

Altars:
Ashenzari
Dithmenos
Elyvilon
Fedhas
Gozag
Hepliaklqana
Kikubaaqudgha
Okawaru
Qazlal
Trog
Uskayaw
Vehumet
Xom
Yredelemnul
Zin
The Shining One

Shops:
D:7 :?!=(

Annotations:
D:8 2 transporters, Dittersdorf's ghost, novice GrFi
Lair:1 exclusion: oklob plant, Nergalle


Innate Abilities, Weirdness & Mutations

You have temporarily grown beastly horns and talons.
You can breathe blasts of scalding, opaque steam.
Your pale cyan-grey scales are hard. (AC +7)
You cannot fit into any form of body armour.
You are cold-blooded and may be slowed by cold attacks.
You are immune to the effects of steam.


Message History

You are too injured to fight recklessly!
You are too injured to fight recklessly!
You are too injured to fight recklessly!
You are too injured to fight recklessly!
You are too injured to fight recklessly!
You are too injured to fight recklessly!
You are too injured to fight recklessly!
You are too injured to fight recklessly!
You are too injured to fight recklessly!
You are too injured to fight recklessly!
You are too injured to fight recklessly!
You are too injured to fight recklessly!
You are too injured to fight recklessly!
You are too injured to fight recklessly!
You are too injured to fight recklessly!
You are too injured to fight recklessly!
You are too injured to fight recklessly!
You are too injured to fight recklessly!
You hit the molten gargoyle but do no damage.
You headbutt the molten gargoyle.
The molten gargoyle is lightly damaged.
The molten gargoyle blasts magma at you!
The bolt of magma hits you!! You partially resist.
You gain the combat prowess of a mighty hero.
The molten gargoyle hits you with a +0 mace!
* * * LOW HITPOINT WARNING * * *
You are engulfed in flames.
You resist.
* * * LOW HITPOINT WARNING * * *
You closely miss the molten gargoyle.
You claw the molten gargoyle, but do no damage.
You headbutt the molten gargoyle.
You tail-slap the molten gargoyle, but do no damage.
You punch the molten gargoyle, but do no damage.
The molten gargoyle is moderately damaged.
You closely miss the molten gargoyle. You tail-slap the molten gargoyle.
The molten gargoyle is moderately damaged.
The molten gargoyle hits you with a +0 mace!!
* * * LOW HITPOINT WARNING * * *
You are engulfed in flames.
You resist.
You die...

§§≈.#.∩..#.8_8.#..∩.#.§≈§§≈§≈≈§§≈
§§..#....#.....#....#§.§≈≈≈§≈§§§.
≈§..###'(###)###''###§§§§§§§≈≈..≈
≈≈≈.#......#.#......#§§§≈§§§≈.§§≈
§§..######)#.#.######.≈≈≈≈§≈.§§≈§
°≈≈.#..[.#.#.#.#$)$.#..§≈≈§§§≈§§≈
§§§.#....#.#.#.#!$$.#.≈≈§≈.≈≈≈≈§§
§§§.#...)#.#.#.#$[..#..§≈.§§§≈§§≈
§≈..#......#.#..@9..#§.§§≈≈§§§≈≈≈
§≈§.########+########...§§§≈≈≈≈≈§
≈≈.§..........§§§§§...§≈≈≈≈≈≈§§≈§
§≈§≈≈.≈.≈§.≈≈§≈.≈§≈§§≈§≈≈≈≈§≈§§≈§
§≈≈§§≈≈≈§≈≈≈≈§§§§§§§.≈§≈≈°≈§§≈≈≈≈
§≈≈§≈≈≈≈≈§≈≈≈≈§§§§≈≈≈§§≈≈≈≈≈§§≈≈.
≈≈≈≈≈§≈≈≈≈≈≈≈≈≈≈§§§≈§§≈°°°≈§≈§...
≈≈≈§§≈≈.≈§≈≈≈≈≈§≈§§§≈≈≈≈≈○○.☼....
≈§≈§.......≈≈§§§§≈≈≈§≈§≈.°○☼☼....


You could see a molten gargoyle.

Vanquished Creatures
  A stone giant (Volcano)
  Urug (Lair:1)
  A molten gargoyle (Volcano)
  A cane toad (Lair:1)
  3 komodo dragons
  An efreet (Volcano)
  Grinder (D:4)
  Sigmund (D:4)
  2 wyverns
  A basilisk (D:9)
  9 yaks (D:10)
  Eustachio (D:4)
  5 fire bats
  5 water moccasins
  An acid dragon (D:9)
  Duvessa (D:4)
  A sky beast (D:6)
  5 orc warriors
  2 black bears
  A centaur (D:9)
  2 ogres
  2 necrophages
  3 wolves (Lair:1)
  2 kobold brigands
  5 bullfrogs
  3 earth elementals (Volcano)
  Dowan (D:4)
  A water moccasin skeleton (D:4)
  4 killer bees
  A howler monkey (D:8)
  4 lava snakes (Volcano)
  3 centaur zombies
  2 hounds (D:5)
  6 orc priests
  2 gnoll shamans
  Jessica (D:3)
  Natasha (D:2)
  4 orc wizards
  6 iguanas
  2 killer bee zombies
  A hound skeleton (D:4)
  A howler monkey zombie (D:8)
  8 gnolls
  5 adders
  A shadow imp (D:7)
  A white imp (D:6)
  An adder zombie (D:5)
  A worm (D:4)
  2 dart slugs
  11 orcs
  3 ball pythons
  4 endoplasms
  4 goblins
  5 hobgoblins
  5 jackals (D:4)
  A quokka (D:1)
  5 bats
  4 frilled lizards
  10 kobolds
  4 rats
176 creatures vanquished.

Vanquished Creatures (others)
  2 fungi (Lair:2)
  9 plants
11 creatures vanquished.

Grand Total: 187 creatures vanquished

Notes
Turn   | Place    | Note
-------+----------+-------------------------------------------
     0 | D:1      | freelancePsychic the Draconian Transmuter began the quest
                  | for the Orb.
     0 | D:1      | Reached XP level 1. HP: 16/16 MP: 3/3
   857 | D:2      | Reached XP level 2. HP: 18/23 MP: 5/5
  1274 | D:2      | Reached XP level 3. HP: 16/29 MP: 2/6
  2030 | D:2      | Reached skill level 2 in Fighting
  2112 | D:3      | Noticed Natasha
  2146 | D:2      | Killed Natasha
  2147 | D:2      | Reached XP level 4. HP: 14/36 MP: 7/7
  2465 | D:3      | Learned a level 3 spell: Spider Form
  2810 | D:3      | Noticed Jessica
  2817 | D:3      | Killed Jessica
  2818 | D:3      | Reached skill level 1 in Poison Magic
  3046 | D:4      | Noticed Eustachio
  3072 | D:4      | Killed Eustachio
  3073 | D:4      | Reached skill level 5 in Unarmed Combat
  3073 | D:4      | Reached XP level 5. HP: 31/41 MP: 2/8
  3301 | D:4      | Reached XP level 6. HP: 35/48 MP: 7/9
  3469 | D:4      | Noticed a water moccasin
  3751 | D:4      | Noticed Dowan
  3762 | D:4      | Noticed Grinder
  3844 | D:4      | Noticed Duvessa
  3853 | D:4      | Killed Duvessa
  3897 | D:4      | Killed Dowan
  3898 | D:4      | Your scales start taking on a pale cyan-grey colour.
  3898 | D:4      | Reached XP level 7. HP: 55/55 MP: 6/10
  3898 | D:4      | Gained mutation: You are immune to the effects of steam.
                  | [Pale Draconian growth]
  3990 | D:4      | Noticed Sigmund
  3999 | D:4      | Killed Sigmund
  4068 | D:4      | Paralysed by Grinder for 5 turns
  4339 | D:4      | Killed Grinder
  4340 | D:4      | Reached skill level 5 in Dodging
  4378 | D:4      | Reached XP level 8. HP: 59/61 MP: 11/11
  4542 | D:5      | Entered Level 5 of the Dungeon
  4566 | D:5      | Found an ancient bone altar of Kikubaaqudgha.
  4721 | D:5      | Reached skill level 3 in Fighting
  5805 | D:6      | Identified a scroll of acquirement
  5810 | D:6      | Found a blossoming altar of Fedhas.
  5812 | D:6      | Found a basalt altar of Yredelemnul.
  5858 | D:6      | Reached skill level 4 in Fighting
  5858 | D:6      | Acquired the Volume of Combat Magic and Earth
  6535 | D:6      | Reached XP level 9. HP: 73/73 MP: 8/12
  6692 | D:6      | Reached skill level 5 in Fighting
  6692 | D:6      | Reached skill level 5 in Transmutations
  7040 | D:7      | Found Tivimud's Magic Scroll Boutique.
  7040 | D:7      | Found Gesutasi's Book Shop.
  7073 | D:7      | Found Sobluel's Distillery.
  7321 | D:7      | Found a staircase to the Ecumenical Temple.
  7342 | Temple   | Entered the Ecumenical Temple
  7386 | Temple   | Became a worshipper of Warmaster Okawaru
  7415 | D:7      | Found Rufeeh's Weapon Boutique.
  7494 | D:7      | Found Vaffutei's Jewellery Emporium.
  7752 | D:7      | Found a stormy altar of Qazlal.
  7947 | D:8      | Reached skill level 6 in Fighting
  8080 | D:8      | Found a transporter.
  8139 | D:8      | Noticed a toenail golem
  8151 | D:8      | Found a transporter.
  8182 | D:8      | Noticed Dittersdorf's ghost (novice GrFi)
  8409 | D:8      | Found the +2 hat of the Bear Spirit {Spirit, +Rage rN+
                  | Will++}
  8579 | D:8      | Learned a level 4 spell: Ice Form
  8901 | D:8      | Reached skill level 1 in Ice Magic
  9259 | D:9      | Reached * piety under Okawaru
  9416 | D:9      | Noticed a troll
  9709 | D:9      | a troll changed into a basilisk
  9905 | D:9      | Reached skill level 7 in Fighting
 10296 | D:10     | Entered Level 10 of the Dungeon
 10346 | D:10     | Reached XP level 10. HP: 66/86 MP: 10/13
 10359 | D:10     | Reached ** piety under Okawaru
 10644 | D:10     | Found a staircase to the Lair.
 10916 | D:10     | Reached skill level 8 in Fighting
 11133 | D:10     | Noticed a five-headed hydra
 11574 | D:10     | Acquired the amulet "Vasyurism" {rPois rC+ Will+ Regen+
                  | Int+4}
 11661 | D:10     | Found a staircase to the Orcish Mines.
 11675 | Orc:1    | Entered Level 1 of the Orcish Mines
 11773 | Orc:2    | Entered Level 2 of the Orcish Mines
 11824 | Orc:2    | Noticed an orc warlord
 11833 | Orc:2    | Reached *** piety under Okawaru
 11920 | Lair:1   | Entered Level 1 of the Lair of Beasts
 11920 | Lair:1   | Noticed Urug
 11931 | Lair:1   | Killed Urug
 11987 | Lair:1   | Noticed a cane toad
 11997 | Lair:1   | Killed a cane toad
 12055 | Lair:1   | Reached skill level 9 in Fighting
 12193 | Lair:1   | Noticed an oklob plant
 12396 | Lair:1   | Found a broken altar of Ashenzari.
 12837 | Lair:2   | Noticed Nergalle
 12864 | Lair:1   | Noticed a spectral orc warlord
 12866 | Lair:1   | Noticed a spectral orc warlord
 12930 | Lair:2   | Reached **** piety under Okawaru
 12931 | Lair:2   | Reached XP level 11. HP: 91/97 MP: 12/14
 12963 | Lair:2   | Found a dark tunnel.
 12985 | Volcano  | Entered a volcano
 13388 | Volcano  | Found a radiant altar of Vehumet.
 13548 | Volcano  | Noticed a stone giant
 13566 | Volcano  | Killed a stone giant
 13566 | Volcano  | Reached ***** piety under Okawaru
 13567 | Volcano  | Reached skill level 10 in Fighting
 13688 | Volcano  | HP: 1/99 [molten gargoyle (18)]
 13688 | Volcano  | Slain by a molten gargoyle

Illustrated notes

Levels and vault maps discovered:
D:1:      matt_arrival_diagonals, layout_basic, minmay_heptomino_l4
D:2:      layout_basic, due_unseen_surprise
D:3:      layout_loops_ring, uniq_natasha, uniq_jessica
D:4:      layout_cave_pools, minmay_misc_feat_plants,
          chequers_serial_rivers_small_3, uniq_sigmund, uniq_duvessa,
          uniq_grinder, uniq_eustachio
D:5:      layout_cave_pools, nicolae_kikubaaqudgha_miasma_corner,
          serial_column_ruins, column_ruins_hut_ruined, column_ruins_open_tiny,
          column_ruins_open_small, column_ruins_columns_water,
          column_ruins_columns_T, column_ruins_columns_straight
D:6:      layout_basic, mainiacjoe_overflow_catwalk_spiral,
          chequers_serial_rivers_small_b
D:7:      layout_rooms, mainiacjoe_overflow_alcove_1,
          minmay_temple_entry_offerings, serial_shops, nicolae_shop_stone, shop,
          nicolae_diamond_shop, nicolae_inconvenience_store, shop
D:8:      layout_loops_ring, gammafunk_ghost_abyssal_escape
D:9:      layout_layer_cave
D:10:     layout_roguey, david_lair_shrubbed, orc_0_dummy
Temple:   eino_narrow_crystal_temple
Lair:1:   layout_hall_layers, basic_altar, chequers_serial_rivers_large_b,
          minmay_lair_oklob_chamber, lemuel_fruit_fields, uniq_urug
Lair:2:   layout_regular_city, nicolae_volcano_entry_batcave, st_stairs_9,
          uniq_nergalle
Orc:1:    layout_diamond_mine
Orc:2:    st_orc_congregation, layout_diamond_mine
Volcano:  volcano_lake [vl_original]

Skill      XL: |  1  2  3  4  5  6  7  8  9 10 11 |
---------------+----------------------------------+-----
Fighting       | 2 4 7 9 10 | 10.0
Unarmed Combat | 4 5 6 7 9 |  9.9
Poison Magic   | 2 |  2.2
Dodging        | 2 3 5 6 7 8 |  8.4
Transmutations | 3 4 7 |  7.8
Ice Magic      | 2 3 |  3.3
Spellcasting   | |  2.0
Invocations    | |  0.1

Action                   |  1- 3 |  4- 6 |  7- 9 | 10-12 || total
-------------------------+-------+-------+-------+-------++-------
Melee: Unarmed           |    77 |   100 |   188 |   295 ||   660
       Tailslap          |     6 |     3 |    11 |    22 ||    42
       Headbutt          |     5 |     5 |     1 |    21 ||    32
       Kick              |     5 |     8 |     7 |    16 ||    36
       Punch             |     2 |     2 |     2 |    11 ||    17
 Cast: Beastly Appendage |     9 |    11 |     7 |     5 ||    32
       Spider Form       |       |     8 |    26 |     7 ||    41
       Ice Form          |       |       |       |     5 ||     5
Invok: Heroism           |       |       |       |     7 ||     7
 Abil: End Transformatio |       |     3 |     4 |     6 ||    13
       Breathe Steam     |       |       |    31 |     4 ||    35
Evoke: Wand              |       |       |     1 |     3 ||     4
  Use: Scroll            |     1 |     1 |     4 |    10 ||    16
       Potion            |       |       |       |     1 ||     1
 Stab: Distracted        |       |       |       |     1 ||     1
Armor: Skin              |    15 |    17 |    34 |    90 ||   156
Dodge: Dodged            |    43 |    86 |   188 |   254 ||   571

Table legend: (Time is in decaauts)
 A = Elapsed time spent in this place.
 B = Non-inter-level travel time spent in this place.
 C = Inter-level travel time spent in this place.
 D = Time resting spent in this place.
 E = Time spent auto-exploring this place.
 F = Levels seen in this place.
 G = Mean time per level.
                   A        B        C        D        E       F      G
               +--------+--------+--------+--------+--------+-----+--------+
         Total |  13651 |  13359 |    292 |   1601 |   9779 |  16 |  853.2 |
       Dungeon |  11700 |  11450 |    250 |   1439 |   8708 |  10 | 1170.0 |
        Temple |     50 |     44 |      6 |      0 |      0 |   1 |   50.0 |
          Lair |   1078 |   1054 |     24 |    106 |    731 |   2 |  539.0 |
  Orcish Mines |    139 |    129 |     10 |      0 |     47 |   2 |   69.5 |
       Volcano |    682 |    682 |      0 |     56 |    293 |   1 |  682.0 |
               +--------+--------+--------+--------+--------+-----+--------+

Top non-repeatable levels by time:
    D:10: 1465 daAuts
     D:6: 1422 daAuts
     D:2: 1406 daAuts
     D:9: 1284 daAuts
     D:4: 1194 daAuts
     D:8: 1154 daAuts
     D:3: 1088 daAuts
     D:5: 1069 daAuts
  Lair:1: 967 daAuts
     D:1: 852 daAuts
     D:7: 763 daAuts
 Volcano: 682 daAuts
  Lair:2: 110 daAuts
   Orc:1: 83 daAuts
   Orc:2: 56 daAuts
